 Dungeon Crawl Stone Soup version 0.31-a0-188-g5e087ee2ca (webtiles) character file.

Game seed: 5355333207010759255

81 qw the Shooter (level 4, 0/25 HPs)
             Began as a Deep Elf Hunter on June 23, 2023.
             Succumbed to an orc wizard's poison
             ... on level 3 of the Dungeon.
             The game lasted 00:00:40 (1570 turns).

qw the Shooter (Deep Elf Hunter)                    Turns: 1570, Time: 00:00:40

Health: 0/25       AC:  7    Str: 10    XL:     4   Next: 20%
Magic:  6/6        EV: 11    Int: 14    God:
Gold:   64         SH:  0    Dex: 18    Spells: 3/3 levels left

rFire   . . .        Y - +0 shortbow
rCold   . . .        (shield currently unavailable)
rNeg    . . .        f - +0 ring mail
rPois   .            d - +0 helmet
rElec   .            (no cloak)
rCorr   .            k - +0 pair of gloves
SInv    .            (no boots)
Will    .....        (no amulet)
Stlth   +            (no ring)
HPRegen 0.24/turn    (no ring)
MPRegen 0.10/turn

%: no passive effects
@: lethally poisoned (0 -> -2)
A: no striking features
a: no special abilities


You were on level 3 of the Dungeon.
You visited 1 branch of the dungeon, and saw 3 of its levels.

You collected 64 gold pieces.


   Skills:
 - Level 1.5 Fighting
 + Level 7.6 Ranged Weapons
 - Level 2.4 Dodging
 - Level 1.2 Stealth


You had 3 spell levels left.
You didn't know any spells.
Your spell library was empty.

Inventory:

Hand Weapons
 Y - a +0 shortbow (weapon)
Armour
 d - a +0 helmet (worn)
 f - a +0 ring mail (worn)
 k - a +0 pair of gloves (worn)
Jewellery
 c - a ring of ice
Scrolls
 a - a scroll of identify
 e - 2 scrolls of teleportation
Potions
 b - a potion of heal wounds
 h - a potion of might
 j - a potion of curing

Dungeon Overview and Level Annotations

Branches:
Dungeon (3/15)

Altars:


Message History

The orc wizard flickers and vanishes!
Deactivating autopickup; reactivate with Ctrl-A.
You hear an angry hiss.
You shoot an arrow.
A frilled lizard comes into view.
You shoot an arrow.
The arrow hits the iguana but does no damage.
The orc wizard casts a spell.
The orc wizard flickers and vanishes!
You shoot an arrow.
An orc comes into view. It is wielding a +0 club.
Something hits you.
You shoot an arrow. Something hits you but does no damage.
You are poisoned.
You shoot an arrow.
You feel very sick. Something hits you but does no damage.
You are more poisoned.
1562 ||| FLEEEEING.
You feel very sick.
1563 ||| FLEEEEING.
You feel very sick.
A magic dart appears from out of thin air!
The magic dart hits you.
1564 ||| FLEEEEING.
You feel sick.
1565 ||| FLEEEEING.
You feel very sick.
1566 ||| FLEEEEING.
You feel sick.
1567 ||| STILL FLEEEEING.
You feel sick.
There is a stone staircase leading down here.
1568 ||| STILL FLEEEEING.
You feel sick.
1569 ||| FLEEEEING.
You feel sick.
1570 ||| FLEEEEING.
You die...

#<# #.# #.# #.#
#.# #.# #.#
########.######
.......@..>.l.#
.#.......####.#
....###### #.#
..# #.# . #l#
#.# #l# #.# #.#


You could see an iguana.

Vanquished Creatures
  Robin (D:2)
  2 worms (D:2)
  3 dart slugs
  2 orcs
  8 ball pythons
  An endoplasm (D:1)
  2 giant cockroaches (D:1)
  2 goblins (D:2)
  10 hobgoblins
  4 kobolds
  6 quokkas
  4 bats
  2 frilled lizards
  3 rats (D:1)
50 creatures vanquished.

Notes
Turn   | Place    | Note
-------+----------+-------------------------------------------
     0 | D:1      | qw the Deep Elf Hunter began the quest for the Orb.
     0 | D:1      | Reached XP level 1. HP: 12/12 MP: 3/3
     0 | D:1      | 0 ||| qw: Version: 0.3-a-9-g12657ce
     0 | D:1      | 0 ||| qw: Game counter: 3307
     0 | D:1      | 0 ||| qw: Always use a shield: true
     0 | D:1      | 0 ||| qw: God list: Okawaru
     0 | D:1      | 0 ||| qw: Allow faded altars: false
     0 | D:1      | 0 ||| qw: Do Orc after D:15 true
     0 | D:1      | 0 ||| qw: Do second Lair branch before Depths: true
     0 | D:1      | 0 ||| qw: Lair rune preference: random
     0 | D:1      | 0 ||| qw: Plans: Normal
     0 | D:1      | 0 ||| PLANNING D:1-11
    56 | D:1      | Reached skill level 6 in Ranged Weapons
    56 | D:1      | Reached XP level 2. HP: 16/16 MP: 4/4
   287 | D:1      | Reached XP level 3. HP: 14/20 MP: 5/5
   443 | D:1      | 443 ||| UPGRADING to +0 ring mail.
   453 | D:1      | 453 ||| DROPPING +0 leather armour.
   454 | D:1      | 454 ||| UPGRADING to +0 pair of gloves.
   459 | D:1      | 459 ||| READING scroll labelled ECLIRIR KELEU.
   460 | D:1      | 460 ||| READING 2 scrolls labelled RUG QOLEKHLEISE.
   463 | D:1      | 463 ||| READING scroll labelled EHAUBLE KISU.
   464 | D:1      | 464 ||| READING 3 scrolls labelled WYIRITHREOF.
   500 | D:1      | 500 ||| DROPPING scroll of butterflies.
   501 | D:1      | 501 ||| DROPPING 2 scrolls of torment.
   761 | D:2      | Reached skill level 7 in Ranged Weapons
   995 | D:2      | Noticed Robin
  1008 | D:2      | Killed Robin
  1018 | D:2      | HP: 4/20 [worm (5)]
  1019 | D:2      | 1019 ||| READING 3 scrolls of teleportation.
  1097 | D:2      | Reached XP level 4. HP: 25/25 MP: 6/6
  1527 | D:2      | 1527 ||| UPGRADING to +0 helmet.
  1532 | D:2      | 1532 ||| READING 5 scrolls labelled NODDADGHAING.
  1533 | D:2      | 1533 ||| READING 4 scrolls of identify.
  1533 | D:2      | 1533 ||| IDENTIFYING viscous golden potion
  1534 | D:2      | 1534 ||| READING 3 scrolls of identify.
  1534 | D:2      | 1534 ||| IDENTIFYING fuming red potion
  1535 | D:2      | 1535 ||| READING 2 scrolls of identify.
  1535 | D:2      | 1535 ||| IDENTIFYING lumpy grey potion
  1562 | D:3      | 1562 ||| FLEEEEING.
  1563 | D:3      | 1563 ||| FLEEEEING.
  1564 | D:3      | 1564 ||| FLEEEEING.
  1565 | D:3      | 1565 ||| FLEEEEING.
  1565 | D:3      | HP: 5/25 [poisoned by an orc wizard]
  1566 | D:3      | 1566 ||| FLEEEEING.
  1568 | D:3      | HP: 2/25 [poisoned by an orc wizard]
  1569 | D:3      | 1569 ||| FLEEEEING.
  1570 | D:3      | 1570 ||| FLEEEEING.
  1570 | D:3      | Succumbed to an orc wizard's poison

Levels and vault maps discovered:
D:1:      saegor_arrival_simple_a, layout_rooms, minmay_misc_feat_iff
D:2:      minmay_evil_eye, layout_loops_ring, uniq_robin
D:3:      layout_loops_ring, mainiacjoe_overflow_brackets,
          hellmonk_ecumenical_altar_inner_sanctum, minmay_snake_closets

Skill      XL: |  1  2  3 |
---------------+----------+-----
Ranged Weapons | 6 7 |  7.6
Fighting       | |  1.5
Dodging        | |  2.4
Stealth        | |  1.2

Action                     |  1- 3 |  4- 6 || total
---------------------------+-------+-------++-------
   Fire: Shortbow          |   127 |    28 ||   155
    Use: Scroll            |     5 |     4 ||     9
 Armour: Ring mail         |     9 |     5 ||    14
  Dodge: Dodged            |    30 |     6 ||    36

Table legend:
 A = Non-vault XP
 B = Vault XP
 C = Vault XP percentage of total XP
 D = Non-vault monster count
 E = Vault monster count
 F = Vault count percentage of total count
                 A         B        C        D         E       F
            +---------+---------+-------+---------+---------+-------
      Total |      75 |      42 |  35.9 |      38 |      12 |  24.0
            +---------+---------+-------+---------+---------+-------
        D:1 |      47 |       0 |   0.0 |      25 |       0 |   0.0
        D:2 |      23 |      42 |  64.6 |      11 |      12 |  52.2
        D:3 |       5 |       0 |   0.0 |       2 |       0 |   0.0
            +---------+---------+-------+---------+---------+-------
